 Dungeon Crawl Stone Soup version 0.28.0-1-gb440e238dd (webtiles) character file.

Game seed: 16163174115556625174

2032 issech the Basher (level 9, -1/88 HPs)
             Began as a Troll Monk on Feb 26, 2022.
             Slain by a hound (3 damage)
             ... on level 5 of the Dungeon.
             The game lasted 00:16:44 (4423 turns).

issech the Basher (Troll Monk)                      Turns: 4423, Time: 00:16:45

Health: -1/88      AC:  2    Str: 21    XL:     9   Next: 3%
Magic:  8/8        EV: 12    Int:  6    God:
Gold:   105        SH:  0    Dex: 16    Spells: 8/8 levels left

rFire   . . .      SeeInvis +   t - +3 flail (holy)
rCold   . . .      Faith    .   (no shield)
rNeg    . . .      Spirit   .   (armour restricted)
rPois   .          Reflect  .   (helmet restricted)
rElec   .          Harm     .   (no cloak)
rCorr   .          Rampage  .   (gloves unavailable)
Will    .....                   (boots unavailable)
Stlth   ++........              z - amulet of the acrobat
HPRegen 1.04/turn               h - ring of see invisible
MPRegen 0.11/turn               (no ring)

@: studying Shields
A: large, unfitting armour, claws 3, regeneration 1, shaggy fur 1, tough skin 1
a: no special abilities


You were on level 5 of the Dungeon.
You visited 1 branch of the dungeon, and saw 6 of its levels.

You collected 157 gold pieces.
You spent 52 gold pieces at shops.

Inventory:

Hand Weapons
 a - a +0 mace
 o - a +0 dire flail
 r - a +2 scythe of protection
 s - a +1 short sword of venom
 t - a +3 flail of holy wrath (weapon)
 v - a +1 whip of flaming
 D - a +0 giant club
Missiles
 f - 140 stones
 j - 38 arrows
 k - 115 bolts
 l - 3 boomerangs
 m - a throwing net
 p - 68 sling bullets
 u - 7 poisoned darts
 C - 2 large rocks (quivered)
Armour
 b - a +0 robe
 I - +0 steam dragon scales
Jewellery
 h - a ring of see invisible (left claw)
 z - an amulet of the acrobat (around neck)
Wands
 q - a wand of digging (3)
Scrolls
 g - 2 scrolls of teleportation
 i - 2 scrolls of noise
 n - a scroll of summoning
 w - a scroll of enchant armour
 x - 3 scrolls of magic mapping
 y - a scroll of brand weapon {unknown}
 A - 2 scrolls of immolation
 E - a scroll of identify
 H - a scroll of blinking {unknown}
Potions
 c - 2 potions of heal wounds {unknown}
 d - a potion of attraction {unknown}
 e - 5 potions of curing {unknown}
 B - a potion of degeneration {unknown}
 F - a potion of magic {unknown}
 G - a potion of mutation {unknown}


   Skills:
 + Level 5.1 Fighting
 + Level 8.2 Maces & Flails
 + Level 0.2 Throwing
 + Level 4.9 Dodging
 + Level 2.3 Stealth


You had 8 spell levels left.
You didn't know any spells.
Your spell library contained the following spells:

 Spells                   Type           Power      Damage    Failure   Level
 Animate Skeleton         Necr           0%         N/A       45%         1
 Apportation              Tloc           0%         N/A       45%         1
 Summon Small Mammal      Summ           0%         N/A       45%         1


Dungeon Overview and Level Annotations

Branches:
Dungeon (6/15)
 Temple: D:4-7

Altars:
Ashenzari
Dithmenos
Okawaru
Ru

Shops:
D:4 !:?


Innate Abilities, Weirdness & Mutations

You are too large for most types of armour.
You have claws for hands.
Your natural rate of healing is unusually fast.
You are covered in fur. (AC +1)
You have tough skin. (AC +1)


Message History

Uppercase [Y]es or [N]o only, please.
Keep disrobing?
* * * LOW HITPOINT WARNING * * *
You start removing your armour.
You continue taking off your +0 robe. x4
The iguana hisses angrily.
The iguana hisses menacingly.
You finish taking off your +0 robe.
A hound comes into view.
The hound moves out of view.
There is a stone staircase leading up here.
The hound stops to sniff the ground.
The hound barely misses you.
The iguana hisses menacingly.
The hound closely misses you.
Found a stone staircase leading up.
The hound barely misses you.
Found a club.
The hound misses you.
Found a fuming amethyst potion.
The hound closely misses you.
A jelly comes into view.
The jelly quivers.
Found a twisted glowing staff.
The hound completely misses you.
There is a stone staircase leading up here.
The hound bites you.
* * * LOW HITPOINT WARNING * * *
The ogre misses you.
You climb upwards.
There is a stone staircase leading down here.
You sock the ogre!
The ogre is moderately wounded.
The hound closely misses you. The hound barely misses you.
The ogre hits you with a +0 giant club!!
* * * LOW HITPOINT WARNING * * *
You sock the ogre!
The ogre is heavily wounded.
The hound bites you.
* * * LOW HITPOINT WARNING * * *
You hit the ogre.
The ogre is severely wounded.
The hound bites you.
You die...

#.#.##.##...#
#######.#.##......#
#.......#.################
##.######.................
#.######.######.....#####
#......#.# #.....#
######.#.######.....#####
#.#O##..............
#.#@h...............
#.####.######.###### #.#
#.............†
#.##########.......#
#....<.....+.......+
######.............#
#..≈≈≈≈≈≈≈≈...#
#.≈.§.....≈...#
#.≈.≈.≈≈≈.≈...#


You could see an ogre and a hound.

Vanquished Creatures
  Pikel (D:4)
  Grinder (D:3)
  Sigmund (D:4)
  A steam dragon (D:6)
  Eustachio (D:4)
  A hornet zombie (D:4)
  An ice beast (D:3)
  A sky beast (D:4)
  An ogre (D:4)
  A black bear (D:5)
  A necrophage (D:5)
  2 phantoms (D:4)
  A scorpion (D:4)
  A bullfrog skeleton (D:5)
  2 hounds
  Ijyb (D:4)
  Jessica (D:2)
  An iguana (D:5)
  An adder (D:4)
  A worm (D:5)
  2 dart slugs
  An orc (D:2)
  9 bats
  11 endoplasms
  3 giant cockroaches
  5 goblins
  7 hobgoblins
  7 jackals
  10 kobolds
  7 quokkas
  8 ball pythons
  5 frilled lizards
  11 rats
108 creatures vanquished.

Notes
Turn   | Place    | Note
-------+----------+-------------------------------------------
     0 | D:1      | issech the Troll Monk began the quest for the Orb.
     0 | D:1      | Reached XP level 1. HP: 22/22 MP: 0/0
   192 | D:1      | Reached XP level 2. HP: 26/29 MP: 1/1
   395 | D:1      | Reached skill level 3 in Maces & Flails
  1007 | D:2      | Reached XP level 3. HP: 36/36 MP: 2/2
  1108 | D:2      | Noticed Jessica
  1110 | D:2      | Killed Jessica
  1207 | D:2      | Reached XP level 4. HP: 44/44 MP: 3/3
  1641 | D:3      | Found a broken altar of Ashenzari.
  1753 | D:3      | Noticed an ice beast
  1782 | D:3      | Killed an ice beast
  1783 | D:3      | Reached skill level 4 in Maces & Flails
  1783 | D:3      | Reached XP level 5. HP: 22/53 MP: 4/4
  1951 | D:3      | Found a shadowy altar of Dithmenos.
  2292 | D:3      | Noticed Grinder
  2305 | D:3      | Killed Grinder
  2306 | D:3      | Reached XP level 6. HP: 24/61 MP: 5/5
  2423 | D:4      | Identified the +1 ring mail of Waaghi Nothe {Str+4}
  2494 | D:4      | Reached skill level 5 in Maces & Flails
  2523 | D:4      | Identified the +4 scale mail "Makut" {Rampage rC+ rCorr}
  2578 | D:4      | Found Kottiuxt's Book Emporium.
  2595 | D:4      | Noticed Pikel
  2625 | D:4      | Killed Pikel
  2626 | D:4      | Reached skill level 6 in Maces & Flails
  2626 | D:4      | Reached XP level 7. HP: 24/70 MP: 6/6
  2881 | D:4      | Found Ruasim's Distillery.
  2926 | D:4      | Noticed Ijyb
  3117 | D:4      | Reached XP level 8. HP: 70/78 MP: 7/7
  3195 | D:4      | Found Yqetow's Magic Scroll Shoppe.
  3209 | D:4      | Bought a scroll of identify for 26 gold pieces
  3209 | D:4      | Bought a scroll of identify for 26 gold pieces
  3214 | D:4      | Identified a scroll of acquirement
  3215 | D:4      | Acquired a manual of Shields
  3279 | D:4      | Noticed Sigmund
  3281 | D:4      | Noticed Eustachio
  3288 | D:4      | Killed Sigmund
  3317 | D:4      | Killed Eustachio
  3318 | D:4      | Reached skill level 7 in Maces & Flails
  3604 | D:4      | Killed Ijyb
  3695 | D:5      | Entered Level 5 of the Dungeon
  3928 | D:5      | Found an iron altar of Okawaru.
  3945 | D:5      | Reached skill level 5 in Fighting
  3945 | D:5      | Reached skill level 8 in Maces & Flails
  4375 | D:6      | Found a sacrificial altar of Ru.
  4396 | D:6      | Reached XP level 9. HP: 10/88 MP: 8/8
  4421 | D:5      | HP: 4/88 [ogre (23)]
  4422 | D:5      | HP: 1/88 [hound (4)]
  4423 | D:5      | Slain by a hound

Illustrated notes

Levels and vault maps discovered:
D:1:      onia_arrival_mini_spirals, layout_loops_ring
D:2:      layout_loops_ring, wad_floor_pattern_2, minmay_split_cup_small,
          uniq_jessica
D:3:      layout_loops_ring, nicolae_dithmenos_through_a_glass_darkly,
          mainiacjoe_overflow_tiny_flanked, serial_glass, glass_columns_c,
          glass_columns_a, uniq_grinder
D:4:      layout_basic, serial_shops, nicolae_shop_statue_plus,
          nicolae_stop_n_shop_1, nicolae_shop_crystal, st_stairs_4,
          chequers_serial_rivers_micro_d, minmay_door_square,
          nicolae_figureground_pulse, uniq_pikel, uniq_eustachio, uniq_sigmund,
          uniq_ijyb
D:5:      layout_basic, mainiacjoe_overflow_concentric_impassable
D:6:      layout_rooms, mainiacjoe_overflow_chevrons, temple_green,
          serial_shops, nicolae_shop_advertising_works
          [nicolae_subvault_shop_adworks], uniq_duvessa,
          uniq_crazy_yiuf_cottage, uniq_maggie

Skill      XL: |  1  2  3  4  5  6  7  8 |
---------------+-------------------------+-----
Maces & Flails | 3 4 6 8 |  8.2
Dodging        | 3 4 |  4.9
Fighting       | 3 4 5 |  5.1
Stealth        | 2 |  2.3
Throwing       | |  0.2

Action                   |  1- 3 |  4- 6 |  7- 9 || total
-------------------------+-------+-------+-------++-------
Melee: Mace              |   129 |    60 |       ||   189
       Dire flail        |       |    73 |       ||    73
       Flail             |       |    21 |   161 ||   182
       Punch             |       |     1 |     3 ||     4
Throw: Stone             |       |     1 |       ||     1
       Large rock        |       |       |     2 ||     2
  Use: Scroll            |     1 |       |     7 ||     8
 Stab: Sleeping          |     3 |     3 |       ||     6
Armor: Robe              |    64 |    63 |    36 ||   163
Dodge: Dodged            |    82 |   106 |   109 ||   297
